 Dungeon Crawl Stone Soup version 0.23.1-37-gaa34b87 (webtiles) character file.

Game seed: 7533253155065499831

147 Fang the Skirmisher (level 5, -1/33 HPs)
             Began as a Gargoyle Berserker on Mar 21, 2019.
             Was a Believer of Trog.
             Killed from afar by a starcursed mass (9 damage)
             ... with an accursed screaming
             ... on level 2 of the Abyss.
             The game lasted 00:03:10 (2972 turns).

Fang the Skirmisher (Gargoyle Berserker)            Turns: 2972, Time: 00:03:11

Health: -1/33      AC: 13    Str: 22    XL:     5   Next: 29%
Magic:  5/5        EV:  8    Int:  7    God:    Trog [**....]
Gold:   138        SH:  0    Dex:  9    Spells: 4/4 levels left

rFire    . . .     SeeInvis .   a - +0 hand axe
rCold    . . .     Gourm    .   (no shield)
rNeg     + . .     Faith    .   t - +0 chain mail
rPois    ∞         Spirit   .   (no helmet)
rElec    +         Reflect  .   (no cloak)
rCorr    .         Harm     .   (no gloves)
MR       .....                  (no boots)
Stlth    ..........             (no amulet)
HPRegen  0.11/turn              b - ring of stealth
MPRegen  0.09/turn              (no ring)

@: no status effects
A: negative energy resistance 1, electricity resistance, unbreathing,
petrification resistance, rot immunity, AC +4
a: Berserk, Trog's Hand, Renounce Religion


You were on level 2 of the Abyss.
You worshipped Trog.
Trog was pleased with you.
You were not hungry.

You visited 1 branch of the dungeon, and saw 3 of its levels.
You visited the Abyss 1 time.

You collected 138 gold pieces.

Inventory:

Hand Weapons
 a - a +0 hand axe (weapon)
Armour
 t - a +0 chain mail (worn)
Jewellery
 b - a ring of stealth (left hand)
Wands
 j - a wand of digging (4)
 s - a wand of polymorph (9)
Scrolls
 d - 8 scrolls of identify {unknown}
 f - a scroll of enchant weapon {unknown}
 k - a scroll of remove curse {unknown}
 o - a scroll of teleportation {unknown}
 p - a scroll of blinking {unknown}
Potions
 e - a potion of mutation {unknown}
 g - a potion of heal wounds {unknown}
 h - a potion of berserk rage {unknown}
 i - a potion of lignification {unknown}
 l - a potion of curing {unknown}
 m - a potion of resistance {unknown}
 n - 2 potions of flight {unknown}
 r - a potion of cancellation {unknown}
Comestibles
 c - 4 rations
 q - 4 chunks of flesh


   Skills:
 + Level 4.2 Fighting
 + Level 3.4 Axes
 + Level 3.4 Armour
 + Level 2.5 Dodging


You had 4 spell levels left.
You didn't know any spells.
Your spell library was empty.

Dungeon Overview and Level Annotations

Branches:
Dungeon (3/15)

Altars:
Ashenzari


Innate Abilities, Weirdness & Mutations

You are resistant to torment.
Your stone body is resilient. (AC +4)
You are immune to poison.
You resist negative energy. (rN+)
You are resistant to electric shocks. (rElec)
You can survive without breathing.
You are immune to petrification.
You are immune to rotting.


Message History

The freezing wraith drains your vigour!
You feel yourself slow down.
You plunge deeper into the Abyss.
Found a ration.
You start resting.
You feel yourself speed up.
You start resting.
A starcursed mass comes into view.
The starcursed mass moves out of view.
You start resting.
The starcursed mass is too close now for your liking.
A starcursed mass is nearby!
A starcursed mass is nearby!
A starcursed mass splits.
A starcursed mass splits.
Found a scroll labeled EWOYMUGHAD.
c - 4 rations (gained 1)
A starcursed mass splits. x2
Found 32 gold pieces.
A chorus of shrieks assaults your mind.
You die...

.. .# ##. # #... .
.#.#$ ..#.. ..#
...##.#.#. #§...
###..#......
.......####....#....
.#........##....#
.#.#.......@?..#
##.X###X###.###
#.#.XX.. ..# #
..##.#...#.# . X....
.........# .
X#...##...#....# .X
#.#. #........# . #.
. ##.. .... . ..
#......


You could see 2 starcursed masses.

Vanquished Creatures
  9 adders
  A worm (D:2)
  A dart slug (D:2)
  A leopard gecko (D:2)
  4 orcs (D:3)
  4 bats
  6 giant cockroaches
  8 goblins
  3 hobgoblins (D:2)
  A quokka (D:2)
  5 frilled lizards
  12 kobolds
  6 rats
61 creatures vanquished.

Notes
Turn   | Place    | Note
-------+----------+-------------------------------------------
     0 | D:1      | Fang the Gargoyle Berserker began the quest for the Orb.
     0 | D:1      | Reached XP level 1. HP: 14/14 MP: 1/1
   325 | D:1      | Reached XP level 2. HP: 13/19 MP: 2/2
   988 | D:2      | Reached XP level 3. HP: 19/23 MP: 3/3
   998 | D:2      | HP: 1/36 [adder (1)]
  1318 | D:2      | Reached XP level 4. HP: 26/29 MP: 4/4
  1440 | D:2      | Reached skill level 4 in Fighting
  1635 | D:2      | Reached ** piety under Trog
  2506 | D:3      | Reached XP level 5. HP: 26/33 MP: 5/5
  2543 | D:3      | Found a shattered altar of Ashenzari.
  2780 | D:3      | Cast into level 1 of the Abyss (orc)
  2868 | Abyss:1  | Noticed a large abomination
  2873 | Abyss:1  | Found a corrupted altar of Lugonu.
  2915 | Abyss:1  | Noticed a freezing wraith
  2958 | Abyss:2  | Noticed a starcursed mass
  2972 | Abyss:2  | Killed from afar by a starcursed mass

Skill      XL: |  1  2  3  4 |
---------------+-------------+-----
Axes           | 3 |  3.4
Dodging        | 2 |  2.5
Armour         | 3 |  3.4
Fighting       | 4 |  4.2

Action                   |  1- 3 |  4- 6 || total
-------------------------+-------+-------++-------
Melee: Hand axe          |    75 |   130 ||   205
Invok: Berserk           |     1 |     1 ||     2
  Eat: Chunk             |     2 |     7 ||     9
Armor: Animal skin       |    31 |    46 ||    77
       Chain mail        |       |     6 ||     6
Dodge: Dodged            |    56 |    72 ||   128
